 Dungeon Crawl Stone Soup version 0.23-a0-701-gd76f34b (console) character file.

16 Jenz the Insei (level 2, -1/21 HPs)
             Began as a Merfolk Transmuter on Jan 12, 2019.
             Slain by a gnoll
             ... wielding a +0 spear
              (5 damage)
             ... on level 1 of the Dungeon.
             The game lasted 00:09:23 (1049 turns).

Jenz the Insei (Merfolk Transmuter)                 Turns: 1049, Time: 00:09:24

Health: -1/21      AC:  2    Str: 10    XL:     2   Next: 54%
Magic:  4/5        EV: 13    Int: 12    God:
Gold:   73         SH:  0    Dex: 14    Spells: 2/5 levels left

rFire    . . .     SeeInvis .     - Unarmed
rCold    . . .     Gourm    .   (no shield)
rNeg     . . .     Faith    .   b - +0 robe
rPois    .         Spirit   .   (no helmet)
rElec    .         Reflect  .   (no cloak)
rCorr    .         Harm     .   (no gloves)
MR       .....                  (no boots)
Stlth    +.........             (no amulet)
HPRegen  0.07/turn              (no ring)
MPRegen  0.09/turn              (no ring)

@: appendage
A: change form in water, swift swim, stealthy swim, horns 2
a: End Transformation


You were on level 1 of the Dungeon.
You were not hungry.
You had grown temporary horns.
You visited 1 branch of the dungeon, and saw 1 of its levels.

You collected 73 gold pieces.

Inventory:

Hand Weapons
 g - a +2 vampiric dagger
Missiles
 a - 50 arrows
Armour
 b - a +0 robe (worn)
Scrolls
 f - a scroll of enchant weapon
Potions
 e - a potion of resistance {unknown}
Comestibles
 c - 3 chunks of flesh
 d - 4 rations


   Skills:
 + Level 1.1 Fighting
 + Level 2.9 Dodging
 + Level 0.3 Stealth
 + Level 3.7 Unarmed Combat
 + Level 2.2 Spellcasting
 + Level 2.8 Transmutations


You had 2 spell levels left.
You knew the following spells:

 Your Spells              Type           Power        Failure   Level  Hunger
a - Beastly Appendage     Tmut           #.....       9%          1    ##.....
b - Sticks to Snakes      Tmut           #.......     13%         2    ###....

Your spell library contained the following spells:

 Spells                   Type           Power        Failure   Level  Hunger
 Spider Form              Tmut/Pois      #.........   41%         3    ####...
 Ice Form                 Ice/Tmut       #.......     83%         4    #####..
 Blade Hands              Tmut           #.........   93%         5    ######.


Dungeon Overview and Level Annotations

Branches:
Dungeon (1/15)

Altars:


Innate Abilities, Weirdness & Mutations

You revert to your normal form in water.
You are very nimble and swift while swimming.
You are very stealthy in the water. (Stealth+)
You have a pair of horns on your head.


Message History

You closely miss the gnoll. The gnoll hits you with a +0 spear!
You hit the gnoll.
The gnoll is heavily wounded.
The gnoll barely misses you.
You closely miss the gnoll.
The gnoll is heavily wounded.
The gnoll hits you with a +0 spear!
* * * LOW HITPOINT WARNING * * *
Casting: Beastly Appendage (safe; 9% risk of failure)
Confirm with . or Enter, or press ? or * to list all spells.
Okay, then.
You hit the gnoll but do no damage.
The gnoll is heavily wounded.
The gnoll barely misses you.
You hit the gnoll but do no damage.
The gnoll is heavily wounded.
You hit the gnoll.
The gnoll is heavily wounded.
The gnoll hits you with a +0 spear.
You die...

..##.### #.##.#.#####
# #.#....#8.8###.
............##.
#.#.........##.# ##
#.##.#......##.. .# #
..##........8#
g#.##.#
####........<#
#g....# #
##+#......8# #@..#
###.........####...#
##..........###.####
#...........##.##
.......#8.8###..##
.......#######...##
.........# ##.....##
#.......####.......##
##.....## #.........#


You could see a gnoll and a hobgoblin.

Vanquished Creatures
  3 bats (D:1)
  2 giant cockroaches (D:1)
  3 goblins (D:1)
  2 hobgoblins (D:1)
  A kobold (D:1)
  A frilled lizard (D:1)
  A rat (D:1)
13 creatures vanquished.

Notes
Turn   | Place    | Note
-------+----------+-------------------------------------------
     0 | D:1      | Jenz the Merfolk Transmuter began the quest for the Orb.
     0 | D:1      | Reached XP level 1. HP: 15/15 MP: 3/3
   463 | D:1      | Reached XP level 2. HP: 21/21 MP: 5/5
   473 | D:1      | Learned a level 2 spell: Sticks to Snakes
  1049 | D:1      | Slain by a gnoll

Vault maps used:
D:1:      mrwooster_arrival_statue_2

Action                   || total
-------------------------++-------
Melee: Unarmed           ||    53
       Punch             ||     1
 Cast: Beastly Appendage ||     2
  Use: Scroll            ||     2
 Stab: Sleeping          ||     2
Armor: Robe              ||     9
Dodge: Dodged            ||    47

Table legend:
 A = Non-vault XP
 B = Vault XP
 C = Vault XP percentage of total XP
 D = Non-vault monster count
 E = Vault monster count
 F = Vault count percentage of total count
                 A         B        C        D         E       F
            +---------+---------+-------+---------+---------+-------
      Total |      23 |       0 |   0.0 |      13 |       0 |   0.0
            +---------+---------+-------+---------+---------+-------
        D:1 |      23 |       0 |   0.0 |      13 |       0 |   0.0
            +---------+---------+-------+---------+---------+-------
